 Dungeon Crawl Stone Soup version 0.26.1-11-gd32895ea62 (webtiles) character file.

Game seed: 14586470307739297484

44 Bjuglez the Chopper (level 3, -1/49 HPs)
             Began as a Minotaur Berserker on July 1, 2021.
             Was a Follower of Trog.
             Slain by an orc warrior
             ... wielding a +0 long sword
              (4 damage)
             ... on level 2 of the Dungeon.
             The game lasted 00:07:14 (1902 turns).

Bjuglez the Chopper (Minotaur Berserker)            Turns: 1902, Time: 00:07:16

Health: -1/49      AC: 21    Str: 22    XL:     3   Next: 41%
Magic:  2/2        EV:  2    Int: 10    God:    Trog [*.....]
Gold:   102        SH:  7    Dex:  9    Spells: 2/2 levels left

rFire    . . .     SeeInvis .   a - +0 hand axe
rCold    . . .     Faith    .   l - +0 kite shield
rNeg     + + +     Spirit   .   (armour currently unavailable)
rPois    +         Reflect  .   (helmet currently unavailable)
rElec    .         Harm     .   (cloak currently unavailable)
rCorr    .         Rampage  .   (gloves currently unavailable)
Will     .....     NoTele   +   (boots currently unavailable)
Stlth    +.........             (no amulet)
HPRegen  0.16/turn              j - +6 ring of intelligence
MPRegen  0.08/turn              (no ring)

@: tree-form
A: (retaliatory headbutt)
a: Renounce Religion, Berserk


You were on level 2 of the Dungeon.
You worshipped Trog.
Trog was aware of your devotion.
You were a tree.
You visited 1 branch of the dungeon, and saw 3 of its levels.

You collected 102 gold pieces.

Inventory:

Hand Weapons
 a - a +0 hand axe (weapon)
Armour
 b - a +0 animal skin
 e - a +2 leather armour of poison resistance (melded)
 g - a +0 ring mail
 l - a +0 kite shield (worn)
 m - a +0 pair of boots (melded)
Jewellery
 j - a +6 ring of intelligence (left branch)
Scrolls
 f - a scroll of teleportation
Potions
 d - a potion of haste {unknown}


   Skills:
 + Level 4.2 Fighting
 + Level 4.6 Axes
 + Level 2.6 Armour
 + Level 2.6 Dodging


You had 2 spell levels left.
You didn't know any spells.
Your spell library was empty.

Dungeon Overview and Level Annotations

Branches:
Dungeon (3/15)

Altars:


Innate Abilities, Weirdness & Mutations

((You reflexively headbutt those who attack you in melee.))
((You have a pair of horns on your head.))


Message History

Your +0 pair of boots melds into your body.
Your +2 leather armour of poison resistance melds into your body.
You no longer feel resistant to poison.
Your roots penetrate the ground.
The orc wizard gestures at you while chanting.
The magic dart hits you but does no damage.
The orc wizard hits you but does no damage.
You block the orc warrior's attack.
You barely miss the orc wizard.
The orc wizard is lightly wounded.
You closely miss the orc warrior.
The orc wizard hits you but does no damage.
You block the orc warrior's attack.
The orc wizard hits you but does no damage.
You barely miss the orc wizard.
The orc wizard is lightly wounded.
Your shield prevents you from hitting the orc warrior.
The orc wizard points at you and mumbles some strange words.
You block the puff of flame.
The orc warrior hits you with a +0 long sword.
You die...

..## #.# #.##.........### ...##
#.# ###.#......######. ....###.#
##..........####... ......#.#
#..#.##............ ........###
#.##.##........####
...####...#####.##.##.....##..###
..## #..................#.....##
#######........o.................
.....#.....####.♣o...............
.....#....###...#..............##
.....#..#.# ##......<..........##
........#.######..............###
............## #..##.#...........
...##....##..###..##[#.).......#.
...##......#......##.#..##....##.
...##.#...........##.......##.#..
......#...........##.#.#....##...


You could see an orc warrior and an orc wizard (fast).

Vanquished Creatures
  2 adders (D:2)
  An ooze (D:2)
  A dart slug (D:1)
  A giant cockroach (D:2)
  3 hobgoblins
  2 jackals (D:2)
  2 bats
  A frilled lizard (D:1)
  3 goblins
  5 rats
21 creatures vanquished.

Notes
Turn   | Place    | Note
-------+----------+-------------------------------------------
     0 | D:1      | Bjuglez the Minotaur Berserker began the quest for the Orb.
     0 | D:1      | Reached XP level 1. HP: 19/19 MP: 0/0
   470 | D:1      | Reached XP level 2. HP: 21/27 MP: 1/1
   923 | D:2      | Reached XP level 3. HP: 28/33 MP: 2/2
  1442 | D:2      | Found a faded altar of an unknown god.
  1888 | D:3      | Noticed an orc warrior
  1902 | D:2      | Slain by an orc warrior

Illustrated notes

Levels and vault maps discovered:
D:1:      dpeg_arrival_rooms_b, layout_loops_ring, glass_columns_b
D:2:      layout_rooms, chequers_ecumenical_altar_twisty, serial_rivers,
          chequers_serial_rivers_micro_c, chequers_serial_rivers_marsh,
          chequers_serial_rivers_room_a, chequers_serial_rivers_micro_c,
          chequers_serial_rivers_small_3, minmay_tetromino_s4
D:3:      layout_basic

Skill      XL: |  1  2 |
---------------+-------+-----
Axes           | 4 |  4.6
Fighting       | 4 |  4.2
Armour         | |  2.6
Dodging        | |  2.6

Action                   || total
-------------------------++-------
Melee: Hand axe          ||    49
       Headbutt          ||     5
  Use: Scroll            ||     8
       Potion            ||     4
Armor: Animal skin       ||     7
       Leather armour    ||     5
       Skin              ||     4
Dodge: Dodged            ||    37
Block: Kite shield       ||     4
